 Dungeon Crawl Stone Soup version 0.31-a0-233-g139696dc86 (webtiles) character file.

Game seed: 6194923617198290668

389 Decritt the Magician (level 6, -3/35 HPs)
             Began as a Deep Elf Fire Elementalist on July 8, 2023.
             Killed by an exploding orc (19 damage)
             ... ignited by their inner flame
             ... on level 4 of the Dungeon.
             The game lasted 00:10:29 (4075 turns).

Decritt the Magician (Deep Elf Fire Elementalist)   Turns: 4075, Time: 00:10:29

Health: -3/35      AC:  3    Str:  5    XL:     6   Next: 49%
Magic:  1/16       EV: 13    Int: 30    God:
Gold:   96         SH:  0    Dex: 12    Spells: 8/16 levels left

rFire   . . .        h - +1 whip
rCold   + . .        (no shield)
rNeg    . . .        a - +0 robe
rPois   +            s - +0 helmet
rElec   .            (no cloak)
rCorr   .            (no gloves)
SInv    .            (no boots)
Will    .....        (no amulet)
Stlth   ++           k - +6 ring of intelligence
HPRegen 0.25/turn    t - ring of Balance {rPois rC+ Int+2 Dex-3}
MPRegen 0.15/turn

%: no passive effects
@: no status effects
A: no striking features
a: no special abilities


You were on level 4 of the Dungeon.
You visited 1 branch of the dungeon, and saw 4 of its levels.

You collected 96 gold pieces.

Inventory:

Hand Weapons
 h - a +1 whip (weapon)
Armour
 a - a +0 robe (worn)
 s - a +0 helmet (worn)
Jewellery
 k - a +6 ring of intelligence (left hand)
 t - the ring of Balance (right hand) {rPois rC+ Int+2 Dex-3}
   (You found it on level 3 of the Dungeon)

   [ring of poison resistance]

   Int:       It affects your intelligence (+2).
   Dex:       It affects your dexterity (-3).
   rC:        It protects you from cold.
   rPois:     It protects you from poison.
Wands
 j - a wand of flame (10)
Scrolls
 c - a scroll of fog {unknown}
 e - a scroll of butterflies {unknown}
 f - 3 scrolls of teleportation
 g - a scroll of enchant armour {unknown}
 i - a scroll of revelation {unknown}
 l - a scroll of blinking {unknown}
 m - a scroll of enchant weapon
 n - a scroll of poison {unknown}
Potions
 b - 2 potions of magic
 d - a potion of invisibility {unknown}
 o - a potion of heal wounds {unknown}
 p - 3 potions of enlightenment
 q - a potion of haste {unknown}
 u - a potion of lignification {unknown}


   Skills:
 * Level 2.2 Fighting
 + Level 4.0 Dodging
 - Level 2.4 Stealth
 + Level 5.8 Spellcasting
 - Level 1.1 Conjurations
 + Level 5.2 Fire Magic


You had 8 spell levels left.
You knew the following spells:

 Your Spells              Type           Power      Damage    Failure   Level
a - Foxfire               Conj/Fire      100%       2x1d9     1%          1
b - Inner Flame           Hex/Fire       24%        N/A       5%          3
c - Scorch                Fire           80%        2d8       1%          2
z - Blink                 Tloc           16%        N/A       9%          2

Your spell library contained the following spells:

 Spells                   Type           Power      Damage    Failure   Level
 Volatile Blastmotes      Fire/Tloc      48%        2d14      5%          3
 Momentum Strike          Conj/Tloc      24%        3d8       6%          2
 Lesser Beckoning         Tloc           16%        N/A       9%          2
 Dazzling Flash           Conj/Hex       24%        N/A       13%         3
 Flame Wave               Conj/Fire      27%        2d9       14%         4
 Gell's Gravitas          Tloc           8%         N/A       16%         3
 Teleport Other           Tloc           8%         N/A       16%         3
 Agony                    Necr           8%         N/A       83%         5
 Silence                  Hex/Air        4%         N/A       83%         5
 Dispersal                Tloc           4%         N/A       100%        6


Dungeon Overview and Level Annotations

Branches:
Dungeon (4/15)
 Temple: D:4-7

Altars:
Qazlal
Uskayaw
Zin

Annotations:
D:2 1 runed translucent door, Crazy Yiuf


Message History

Casting: Inner Flame (dangerous; 5% risk of failure)
Confirm with . or Enter, or press ? or * to list all spells.
Flames lash the orc.
You kill the orc!
You hear a shout!
Something hits you.
Casting: Scorch (safe; 1% risk of failure)
Confirm with . or Enter, or press ? or * to list all spells.
Flames lash the orc.
You kill the orc!
Something hits you.
An orc comes into view. It is wielding a +0 hand axe.
Something hits you.
Casting: Scorch (safe; 1% risk of failure)
Confirm with . or Enter, or press ? or * to list all spells.
Aiming: Inner Flame (dangerous; 5% risk of failure)
Press: ? - help, Dir - move target, f - orc
Aim: an orc, wielding a +0 hand axe (chance to affect: 90%)
The orc is filled with an inner flame.
Something barely misses you.
Casting: Inner Flame (dangerous; 5% risk of failure)
Confirm with . or Enter, or press ? or * to list all spells.
Flames lash something.
Something hits you. Something hits you.
Casting: Scorch (safe; 1% risk of failure)
Confirm with . or Enter, or press ? or * to list all spells.
Flames lash something.
Reactivating autopickup.
You feel a bit more experienced. The orc hits you with a +0 hand axe.
Your Dodging skill increases to level 4!
The orc hits you with a +0 hand axe.
* * * LOW HITPOINT WARNING * * *
Casting: Scorch (safe; 1% risk of failure)
Confirm with . or Enter, or press ? or * to list all spells.
You conjure some foxfire!
The orc barely misses you. The orc closely misses your foxfire.
The foxfire hits the orc!
The orc explodes!
The fiery explosion engulfs you!!
Ouch! That really hurt!
You die...

≈≈~P~...~~♣....#.#####
~~~~~...~~♣♣.........#
~~~~...~~~♣♣.###.###.#
)~~~..~~~♣♣♣.#.....#
~~~....~~~♣♣.#.#.#.#
~~~....~P~♣♣.#.#.#.#
~~~~...~~♣♣#.#...#.#
#PP.~.~~♣P.#.#.#v#.#
##~~..~♣♣#.#.#.§@#.# #
###.[.~~##.#.#.#§#.#.#
......P~.......§§§.>.#
....#.##.....#.#)....#
......##.....#)#.#.....#
.....###.....#.#.#...#.#
.......#.....#.#.......#
....##.#..........#....P
....# ..##.#...#.####...


There were no monsters in sight!

Vanquished Creatures
  An ogre (D:4)
  A scorpion (D:4)
  A howler monkey (D:4)
  An orc priest (D:4)
  A sleepcap (D:4)
  An orc wizard (D:4)
  2 adders
  A worm (D:3)
  2 dart slugs (D:1)
  9 orcs
  5 bats
  11 endoplasms
  6 giant cockroaches
  9 hobgoblins
  4 jackals
  8 kobolds
  2 quokkas
  6 ball pythons
  2 frilled lizards
  5 goblins
  7 rats
85 creatures vanquished.

Vanquished Creatures (others)
  A kobold (D:4)
  107 foxfires
108 creatures vanquished.

Grand Total: 193 creatures vanquished

Notes
Turn   | Place    | Note
-------+----------+-------------------------------------------
     0 | D:1      | Decritt the Deep Elf Fire Elementalist began the quest for
                  | the Orb.
     0 | D:1      | Reached XP level 1. HP: 10/10 MP: 6/6
   258 | D:1      | Reached XP level 2. HP: 15/15 MP: 6/8
   539 | D:1      | Learned a level 2 spell: Scorch
   893 | D:1      | Reached XP level 3. HP: 20/20 MP: 8/10
  1253 | D:2      | Found a stormy altar of Qazlal.
  1548 | D:2      | Reached skill level 1 in Fighting
  1943 | D:2      | Found a runed translucent door.
  1944 | D:2      | Noticed Crazy Yiuf
  2390 | D:3      | Learned a level 3 spell: Inner Flame
  2556 | D:3      | Reached XP level 4. HP: 25/25 MP: 10/12
  2590 | D:3      | Found a glowing silver altar of Zin.
  2774 | D:3      | Learned a level 2 spell: Blink
  2839 | D:3      | Identified the ring of Balance {rPois rC+ Int+2 Dex-3}
  3145 | D:3      | Found a hide-covered altar of Uskayaw.
  3425 | D:4      | Noticed a scorpion
  3432 | D:4      | Killed a scorpion
  3433 | D:4      | Reached XP level 5. HP: 17/29 MP: 4/14
  3541 | D:4      | Reached skill level 5 in Spellcasting
  3716 | D:4      | Reached skill level 5 in Fire Magic
  3925 | D:4      | Noticed an ogre
  3929 | D:4      | Killed an ogre
  3930 | D:4      | Reached XP level 6. HP: 35/35 MP: 9/16
  4075 | D:4      | Killed by an exploding orc... ignited by their inner flame

Illustrated notes

Levels and vault maps discovered:
D:1:      nzn_arrival_depleted_hourglass, layout_basic
D:2:      layout_basic, basic_altar, serial_bayou_lagoon_b,
          uniq_crazy_yiuf_cottage
D:3:      layout_basic, mainiacjoe_overflow_alcove_1, zin_academy,
          grunt_decor_fettered, minmay_crystal_room
D:4:      layout_basic, serial_bayou, serial_bayou_lagoon_a,
          serial_bayou_shore_b, serial_bayou_ford_a, serial_bayou_shore_a,
          grunt_ministairs_4

Skill      XL: |  1  2  3  4  5  6 |
---------------+-------------------+-----
Spellcasting   | 4 5 |  5.8
Fighting       | 1 2 |  2.2
Fire Magic     | 4 5 |  5.2
Dodging        | 3 4 |  4.0
Stealth        | |  2.4
Conjurations   | |  1.1

Action                     |  1- 3 |  4- 6 || total
---------------------------+-------+-------++-------
  Melee: Whip              |       |     3 ||     3
   Cast: Foxfire           |    47 |    19 ||    66
         Scorch            |    17 |    33 ||    50
         Blink             |       |     1 ||     1
         Inner Flame       |       |     3 ||     3
    Use: Scroll            |       |     4 ||     4
 Armour: Robe              |     2 |     1 ||     3
  Dodge: Dodged            |    14 |     9 ||    23

Table legend: (Time is in decaauts)
 A = Elapsed time spent in this place.
 B = Non-inter-level travel time spent in this place.
 C = Inter-level travel time spent in this place.
 D = Time resting spent in this place.
 E = Time spent auto-exploring this place.
 F = Levels seen in this place.
 G = Mean time per level.
                   A        B        C        D        E       F      G
               +--------+--------+--------+--------+--------+-----+--------+
         Total |   4102 |   3958 |    144 |    312 |   3041 |   4 | 1025.5 |
       Dungeon |   4102 |   3958 |    144 |    312 |   3041 |   4 | 1025.5 |
               +--------+--------+--------+--------+--------+-----+--------+

Top non-repeatable levels by time:
     D:2: 1284 daAuts
     D:1: 1107 daAuts
     D:3: 1019 daAuts
     D:4: 691 daAuts
